 Dungeon Crawl Stone Soup version 0.29.1 (webtiles) character file.

Game seed: 3802243886867184898

58 Ordine the Slasher (level 4, 0/28 HPs)
             Began as a Tengu Monk on Sept 13, 2022.
             Slain by Sigmund
             ... wielding a +0 scythe
              (8 damage)
             ... on level 2 of the Dungeon.
             The game lasted 00:04:30 (1591 turns).

Ordine the Slasher (Tengu Monk)                     Turns: 1591, Time: 00:04:31

Health: 0/28       AC:  7    Str: 11    XL:     4   Next: 1%
Magic:  5/5        EV: 14    Int: 11    God:
Gold:   46         SH:  0    Dex: 18    Spells: 3/3 levels left

rFire   . . .      SeeInvis .   b - +0 sling (freeze)
rCold   . . .      Faith    .   (no shield)
rNeg    . . .      Spirit   .   d - +0 robe
rPois   .          Reflect  .   (helmet restricted)
rElec   .          Harm     .   l - +0 cloak
rCorr   .          Rampage  .   (no gloves)
Will    .....                   (boots unavailable)
Stlth   +.........              (no amulet)
HPRegen 0.09/turn               m - +4 ring of protection
MPRegen 0.09/turn               (no ring)

@: confused, mighty, ambrosia-drunk, attractive, invisible
A: beak, talons 3
a: no special abilities


You were on level 2 of the Dungeon.
You visited 1 branch of the dungeon, and saw 2 of its levels.

You collected 46 gold pieces.

Inventory:

Hand Weapons
 a - a +0 falchion
 b - a +0 sling of freezing (weapon)
Missiles
 f - 8 poisoned darts
 i - a throwing net
Armour
 d - a +0 robe (worn)
 l - a +0 cloak (worn)
Jewellery
 m - a +4 ring of protection (left hand)
Scrolls
 e - 4 scrolls of identify {unknown}
 h - 3 scrolls of acquirement {unknown}
 n - a scroll of enchant armour {unknown}
 o - a scroll of poison {unknown}
 p - a scroll of teleportation {unknown}
 q - a scroll of brand weapon {unknown}
Potions
 g - a potion of invisibility


   Skills:
 + Level 3.3 Fighting
 * Level 4.2 Long Blades
 + Level 3.7 Dodging
 + Level 2.6 Stealth


You had 3 spell levels left.
You didn't know any spells.
Your spell library contained the following spells:

 Spells                   Type           Power      Damage    Failure   Level
 Apportation              Tloc           0%         N/A       34%         1
 Alistair's Intoxication  Tmut/Pois      0%         N/A       100%        5


Dungeon Overview and Level Annotations

Branches:
Dungeon (2/15)

Altars:
Elyvilon

Annotations:
D:2 Sigmund


Innate Abilities, Weirdness & Mutations

You have a beak for a mouth.
You have claws for feet.


Message History

The adder barely misses you. The adder attacks as you move away!
The adder closely misses you. The adder attacks as you move away!
The adder barely misses you. The adder closely misses you.
You see here 4 stones.
The adder attacks as you move away! The adder barely misses you.
The adder attacks as you move away! The adder closely misses you.
The adder bites you but does no damage. The adder attacks as you move away!
The adder closely misses you. The adder attacks as you move away!
The adder barely misses you. x2
The adder attacks as you move away! The adder barely misses you.
The adder bites you.
You are poisoned.
The adder poisons you!
* * * LOW HITPOINT WARNING * * *
You feel sick.
* * * LOW HITPOINT WARNING * * *
You feel sick.
It was a potion of invisibility.
You fade into invisibility!
* * * LOW HITPOINT WARNING * * *
You feel sick. The adder bites you but does no damage.
It was a potion of might.
You feel very mighty all of a sudden.
* * * LOW HITPOINT WARNING * * *
You feel sick. The adder closely misses you.
A magic dart appears from out of thin air!
The magic dart hits the adder.
The adder completely misses you.
It was a potion of attraction.
You feel attractive to monsters.
* * * LOW HITPOINT WARNING * * *
You feel sick. The adder closely misses you.
You are confused.
You feel invigorated.
You feel sick. The adder closely misses you.
A magic dart appears from out of thin air!
The magic dart hits the adder.
You bump into the rock wall.
You feel sick.
You are no longer poisoned.
The adder completely misses you. Something hits you!
You die...

.#.##.#...#.###
##.##.#...#.#
...##.#...#.#
#####.#...#†#
#.##.##.# #.......#
## #.>..####
.####.#############
.)....# #.......@.#
.####.###.#######S#
#####.......## #.#
##...........# #.#
##..#...#.#..# #.#
##..#.....#..# #.#
##..#.....#..# #.#
.........##..#
#.###
.#...........#
#...#


You could see an adder (unable to see you).

Vanquished Creatures
  2 adders (D:2)
  2 endoplasms
  3 giant cockroaches
  A goblin (D:2)
  3 hobgoblins
  8 kobolds
  4 quokkas
  3 ball pythons
  2 bats
  4 frilled lizards (D:1)
  5 rats
37 creatures vanquished.

Notes
Turn   | Place    | Note
-------+----------+-------------------------------------------
     0 | D:1      | Ordine the Tengu Monk began the quest for the Orb.
     0 | D:1      | Reached XP level 1. HP: 14/14 MP: 2/2
   191 | D:1      | Found a faded altar of an unknown god.
   212 | D:1      | Reached XP level 2. HP: 19/19 MP: 3/3
  1051 | D:1      | Found a white marble altar of Elyvilon.
  1107 | D:2      | Reached XP level 3. HP: 23/23 MP: 4/4
  1194 | D:2      | Reached skill level 4 in Long Blades
  1455 | D:2      | Reached XP level 4. HP: 28/28 MP: 5/5
  1556 | D:2      | Noticed Sigmund
  1591 | D:2      | Slain by Sigmund

Illustrated notes

Levels and vault maps discovered:
D:1:      dpeg_arrival_lava_altar, layout_loops_corners,
          ebering_ecumenical_altar_webs
D:2:      layout_loops_cross, uniq_sigmund

Skill      XL: |  1  2  3 |
---------------+----------+-----
Long Blades    | 4 |  4.2
Fighting       | |  3.3
Dodging        | |  3.7
Stealth        | |  2.6

Action                   |  1- 3 |  4- 6 || total
-------------------------+-------+-------++-------
Melee: Falchion          |    34 |       ||    34
       Kick              |     5 |       ||     5
       Peck              |     1 |       ||     1
 Fire: Sling             |    62 |     7 ||    69
  Use: Potion            |       |     4 ||     4
 Stab: Sleeping          |     4 |       ||     4
Armor: Robe              |    10 |     3 ||    13
Dodge: Dodged            |    32 |    17 ||    49
